 Dungeon Crawl Stone Soup version 0.26-a0-663-g36e8fdb655 (console) character file.

Game seed: 4240645052152347875

11797 om the Transmogrifier (level 11, -6/82 HPs)
             Began as a White Draconian Transmuter on Oct 12, 2020.
             Was a Priest of Makhleb.
             Mangled by a troll (11 damage)
             ... while paralysed by an orc sorcerer
             ... on level 1 of the Orcish Mines.
             The game lasted 00:27:48 (16280 turns).

om the Transmogrifier (White Draconian Transmuter) Turns: 16280, Time: 00:27:48

Health: -6/82      AC:  2    Str: 15    XL:     11   Next: 54%
Magic:  15/17      EV:  5    Int: 20    God:    Makhleb [***...]
Gold:   448        SH:  0    Dex: 23    Spells: 5/18 levels left

rFire    . . .     SeeInvis +     - Unarmed
rCold    . . .     Faith    .   (shield currently unavailable)
rNeg     . . .     Spirit   .   (armour unavailable)
rPois    x         Reflect  +   (helmet currently unavailable)
rElec    .         Harm     .   (cloak currently unavailable)
rCorr    .         Rampage  .   (gloves currently unavailable)
MR       .....                  (boots currently unavailable)
Stlth    ++........             z - amulet of the Queen {Reflect Int+6 SH+5}
HPRegen  0.23/turn              o - +6 ring of dexterity
MPRegen  0.15/turn              E - ring of see invisible

@: paralysed, spider-form, lightly drained
A: tiny, (breathe frost), unfitting armour, AC +7
a: End Transformation, Minor Destruction, Lesser Servant of Makhleb, Renounce
Religion


You were on level 1 of the Orcish Mines.
You worshipped Makhleb.
Makhleb was most pleased with you.
You were a venomous arachnid creature.
You visited 2 branches of the dungeon, and saw 13 of its levels.

You collected 735 gold pieces.
You spent 287 gold pieces at shops.

Inventory:

Armour
 d - a +1 buckler (melded)
 u - a +2 pair of gloves (melded)
Jewellery
 a - an uncursed ring of flight
 o - a +6 ring of dexterity (left front leg)
 x - a +6 ring of strength
 z - the amulet of the Queen (around neck) {Reflect Int+6 SH+5}
   (You bought it in a shop on level 6 of the Dungeon)

   [amulet of reflection]

   It shields you and reflects attacks.
   It affects your intelligence (+6).
   It affects your SH (+5).
 E - a ring of see invisible (right front leg)
 I - a +4 ring of protection
Wands
 p - a wand of polymorph (8)
 v - a wand of iceblast (6)
 D - a wand of digging (6)
 F - a wand of flame (16)
 H - a wand of acid (13)
 K - a wand of paralysis (5)
Scrolls
 c - a scroll of noise {unknown}
 e - 2 scrolls of enchant armour
 f - 4 scrolls of fear
 h - a scroll of random uselessness
 i - a scroll of blinking {unknown}
 j - 3 scrolls of amnesia
 k - 4 scrolls of remove curse
 l - 10 scrolls of teleportation {!r}
 m - 4 scrolls of magic mapping
 r - 5 scrolls of immolation
 y - a scroll of fog {unknown}
 C - a scroll of summoning
 G - 2 scrolls of enchant weapon {unknown}
 L - a scroll of silence {unknown}
Potions
 b - 3 potions of curing
 g - a potion of heal wounds
 n - 6 potions of lignification
 q - 3 potions of might
 s - 2 potions of stabbing {unknown}
 t - a potion of magic {unknown}
 w - a potion of brilliance {unknown}
 A - 2 potions of haste
 B - 2 potions of berserk rage
 J - a potion of cancellation {unknown}


   Skills:
 + Level 3.1(2.6) Fighting
 * Level 8.7(8.1) Dodging
 - Level 4.0(3.4) Shields
 * Level 6.4(5.8) Unarmed Combat
 - Level 4.0(3.4) Spellcasting
 * Level 11.6(10.9) Transmutations
 - Level 6.0(5.4) Poison Magic
 + Level 4.0(3.4) Invocations


You had 5 spell levels left.
You knew the following spells:

 Your Spells              Type           Power        Failure   Level
a - Beastly Appendage     Tmut           #####.       1%          1
b - Spider Form           Tmut/Pois      #####.....   6%          3
c - Blade Hands           Tmut           #####.....   13%         5
d - Ice Form              Ice/Tmut       ####....     32%         4

Your spell library contained the following spells:

 Spells                   Type           Power        Failure   Level
 Wereblood                Tmut           #####...     2%          2
 Sting                    Tmut/Pois      ####         3%          1
 Ignite Poison            Fire/Tmut/Pois ####....     13%         3
 Poisonous Vapours        Pois/Air       ##....       19%         2
 Corona                   Hex            #......      32%         1
 Olgreb's Toxic Radiance  Pois           ####....     32%         4
 Mephitic Cloud           Conj/Pois/Air  ##......     38%         3
 Ensorcelled Hibernation  Hex/Ice        #.....       41%         2
 Confusing Touch          Hex            #.......     61%         3
 Dazzling Flash           Conj/Hex       #.....       61%         3
 Tukima's Dance           Hex            #.......     61%         3


Dungeon Overview and Level Annotations

Branches:
Dungeon (12/15)            Temple (0/1) D:5            Lair (0/6) D:9
    Orc (1/2) D:12

Altars:
Ashenzari
Dithmenos
Makhleb
Nemelex Xobeh
Qazlal
Sif Muna
Wu Jian
Xom

Shops:
D:6 !(}*   D:8 =?

Portals:
Trove: D:12 (give 13 scrolls of teleportation)


Innate Abilities, Weirdness & Mutations

((You can breathe waves of freezing cold.))
((You can buffet flying creatures when you breathe cold.))
((Your icy white scales are hard. (AC +7)))
You cannot fit into any form of body armour.
((Your flesh is cold resistant. (rC+)))
((You are cold-blooded and may be slowed by cold attacks.))


Message History

The orc barely misses you.
Something unseen opens the large door.
An orc comes into view. It is wielding a +0 mace.
The orc barely misses you.
The orc sorcerer gestures at you while chanting.
The bolt of negative energy hits you!!
You feel drained.
The orc shouts!
You hear a shout! x3
The orc hits you with a +0 hand axe! The orc hits you. The troll bites you!
The troll claws you. The troll claws you! The orc hits you with a +0 hand axe.
An orc comes into view. It is wielding a +0 club.
The orc hits you. The troll bites you.
* * * LOW HITPOINT WARNING * * *
The troll claws you.
* * * LOW HITPOINT WARNING * * *
The troll claws you!
* * * LOW HITPOINT WARNING * * *
The orc hits you with a +0 hand axe.
* * * LOW HITPOINT WARNING * * *
The orc hits you but does no damage. The troll bites you!
You die...

....$..$.#
#.........#
......#...#
#.........######'
.................
...............o.
..#......oT..o#
.........so.#.#
......><.........
..............#..
.....$..o........
.................
...........#.....
......$........##
$....#..##......
......... ....


You could see a troll, an orc sorcerer and 4 orcs.

Vanquished Creatures
  2 two-headed ogres
  2 unseen horrors
  An ugly thing (D:11)
  A cyclops (D:11)
  A manticore (D:11)
  Maggie (D:8)
  2 centaur skeletons
  A troll (D:11)
  Prince Ribbit (D:5)
  9 yaks
  A soldier ant (D:9)
  2 water moccasins
  4 orc warriors
  2 ice beasts (D:11)
  2 phantoms
  2 sky beasts
  3 black bears
  5 ogres
  13 centaurs
  2 big kobolds
  8 bullfrogs
  A wyvern skeleton (D:7)
  5 scorpions
  A water moccasin skeleton (D:9)
  4 killer bees (D:5)
  11 wights
  A howler monkey (D:9)
  2 bullfrog zombies
  2 jellies
  3 hounds
  9 orc priests
  10 orc wizards
  2 bullfrog skeletons
  6 worker ants
  A hound zombie (D:5)
  A howler monkey zombie (D:5)
  4 gnolls (D:6)
  12 adders
  A shadow imp (D:5)
  An ufetubus (D:5)
  An ooze (D:3)
  An adder skeleton (D:4)
  4 worms
  4 leopard geckos
  42 orcs
  11 bats
  4 giant cockroaches
  7 goblins
  8 hobgoblins
  6 jackals
  2 quokkas
  A ball python (D:3)
  4 frilled lizards
  20 kobolds
  8 rats
265 creatures vanquished.

Vanquished Creatures (collateral kills)
  A vampire (D:12)
1 creature vanquished.

Vanquished Creatures (others)
  A howler monkey skeleton (D:10)
1 creature vanquished.

Grand Total: 267 creatures vanquished

Notes
Turn   | Place    | Note
-------+----------+-------------------------------------------
     0 | D:1      | om the Draconian Transmuter began the quest for the Orb.
     0 | D:1      | Reached XP level 1. HP: 16/16 MP: 3/3
   340 | D:1      | Reached XP level 2. HP: 23/23 MP: 5/5
   706 | D:1      | Reached skill level 3 in Transmutations
   946 | D:1      | Reached XP level 3. HP: 27/28 MP: 4/6
  1265 | D:2      | Learned a level 3 spell: Spider Form
  1511 | D:2      | Found an ornate altar of the Wu Jian Council.
  2265 | D:3      | Found a burning altar of Makhleb.
  2279 | D:3      | Reached XP level 4. HP: 19/35 MP: 5/7
  2308 | D:3      | Became a worshipper of Makhleb the Destroyer
  2342 | D:2      | Reached skill level 4 in Transmutations
  2971 | D:3      | Reached XP level 5. HP: 40/40 MP: 6/8
  3519 | D:3      | Reached * piety under Makhleb
  3895 | D:3      | Reached skill level 5 in Transmutations
  4114 | D:4      | Reached XP level 6. HP: 32/47 MP: 7/9
  4355 | D:4      | Found a shadowy altar of Dithmenos.
  4370 | D:4      | Reached skill level 6 in Transmutations
  4370 | D:4      | Reached skill level 1 in Poison Magic
  4573 | D:4      | Reached skill level 5 in Unarmed Combat
  4691 | D:4      | Found a stormy altar of Qazlal.
  4855 | D:4      | Found a broken altar of Ashenzari.
  5004 | D:5      | Entered Level 5 of the Dungeon
  5017 | D:5      | Noticed a water moccasin
  5082 | D:5      | Your scales start taking on an icy white colour.
  5082 | D:5      | Reached XP level 7. HP: 42/52 MP: 10/10
  5082 | D:5      | Gained mutation: Your flesh is cold resistant. (rC+) [White
                  | Draconian growth]
  5137 | D:5      | Noticed Prince Ribbit
  5479 | D:5      | Found a shimmering blue altar of Sif Muna.
  5937 | D:5      | Reached skill level 7 in Transmutations
  6510 | D:5      | Killed Prince Ribbit
  6510 | D:5      | Reached XP level 8. HP: 29/59 MP: 8/11
  6548 | D:5      | Reached skill level 8 in Transmutations
  6947 | D:5      | Found a staircase to the Ecumenical Temple.
  7030 | D:6      | Reached skill level 1 in Shields
  7173 | D:6      | Found Heicatel's Assorted Antiques.
  7178 | D:6      | Bought a scroll of identify for 60 gold pieces
  7178 | D:6      | Bought a sparkling ruby amulet for 150 gold pieces
  7204 | D:6      | Identified the amulet of the Queen {Reflect Int+6 SH+5}
                  | (You bought it in a shop on level 6 of the Dungeon)
  7244 | D:6      | Reached skill level 1 in Invocations
  7401 | D:6      | Found a sand-covered staircase.
  7598 | D:6      | Found Nahavuqo's Gadget Boutique.
  7603 | D:6      | Found Rentyce's Antique Weapon Boutique.
  7671 | D:6      | Found Ubaff's Distillery.
  7700 | D:6      | Bought a potion of berserk rage for 55 gold pieces
  8277 | D:7      | Found a shimmering altar of Xom.
  8595 | D:7      | Learned a level 5 spell: Blade Hands
  8752 | D:7      | Reached XP level 9. HP: 64/64 MP: 10/14
  9122 | D:8      | Noticed a two-headed ogre
  9154 | D:8      | Reached ** piety under Makhleb
  9419 | D:8      | Found Fepnyck's Jewellery Emporium.
  9516 | D:8      | Noticed Maggie
  9517 | D:8      | Noticed an unseen horror
  9530 | D:8      | Killed Maggie
  9539 | D:8      | Killed an unseen horror
  9539 | D:8      | Reached skill level 5 in Dodging
  9539 | D:8      | Reached skill level 9 in Transmutations
  9813 | D:8      | Found Weeblor's Magic Scroll Boutique.
  9819 | D:8      | Bought a scroll of identify for 22 gold pieces
  9980 | D:8      | Killed a two-headed ogre
  9980 | D:8      | Reached XP level 10. HP: 71/71 MP: 11/16
 10483 | D:9      | Reached skill level 5 in Poison Magic
 10922 | D:9      | Found a staircase to the Lair.
 10960 | D:9      | Found a sparkling altar of Nemelex Xobeh.
 11265 | D:9      | Reached *** piety under Makhleb
 11512 | D:10     | Entered Level 10 of the Dungeon
 11538 | D:10     | Reached skill level 10 in Transmutations
 12202 | D:10     | Noticed an unseen horror
 12229 | D:10     | Killed an unseen horror
 12731 | D:10     | Reached skill level 11 in Transmutations
 12731 | D:10     | Reached XP level 11. HP: 77/77 MP: 15/17
 12819 | D:10     | Noticed a two-headed ogre
 12834 | D:10     | Killed a two-headed ogre
 13852 | D:11     | Reached **** piety under Makhleb
 13898 | D:11     | Noticed a red ugly thing
 13916 | D:11     | Killed a red ugly thing
 14241 | D:11     | Learned a level 4 spell: Ice Form
 15503 | D:12     | Found a staircase to the Orcish Mines.
 16211 | D:12     | Found a portal to a secret trove of treasure.
 16272 | Orc:1    | Entered Level 1 of the Orcish Mines
 16272 | Orc:1    | Noticed an orc sorcerer
 16275 | Orc:1    | Paralysed by an orc sorcerer for 6 turns
 16280 | Orc:1    | Mangled by a troll

Illustrated notes

Levels and vault maps discovered:
D:1:      dpeg_arrival_fog, layout_loops_corners, chequers_mini_garden,
          grunt_decor_fettered
D:2:      layout_basic, lemuel_doored_altar, minmay_fractal_squares_gapless_5
D:3:      layout_loops_ring, overflow_temple_1_default, dk_vineyard_1,
          grunt_decor_arrowhead
D:4:      layout_rooms, nicolae_qazlal_general_emergency,
          ashenzari_conservatory_becter, grunt_dithmenos_shadows
D:5:      layout_rooms, led_sif_book, minmay_temple_entry_fiery,
          uniq_prince_ribbit1
D:6:      layout_loops_ring, nicolae_ossuary_entry_false_entrances,
          serial_shops, shop_statue, kennysheep_mini, shop, shop
D:7:      layout_cave_pools, nicolae_overflow_crystal_walls,
          minmay_misc_feat_hallway
D:8:      layout_basic, serial_shops, shop, shop, uniq_maggie
D:9:      layout_cave_pools, nemelex_xobeh_ov_fountains_minmay,
          lair_entry_dummy, minmay_misc_feat_doors
D:10:     layout_cave_pools, hangedman_decor_slide_cut, minmay_between
D:11:     layout_stronghold
D:12:     layout_stronghold, orc_0_dummy, trove_entry_hex_spiral
Orc:1:    layout_caves, serial_shops, shop, hangedman_minor_magic

Skill      XL: |  1  2  3  4  5  6  7  8  9 10 11 |
---------------+----------------------------------+-----
Transmutations | 3 4 5 6 7 8 9 11 | 11.6
Unarmed Combat | 4 5 6 |  6.4
Poison Magic   | 2 4 6 |  6.0
Dodging        | 3 5 7 8 |  8.7
Shields        | 3 4 |  4.0
Invocations    | 2 4 |  4.0
Spellcasting   | 3 4 |  4.0
Fighting       | 3 |  3.1

Action                   |  1- 3 |  4- 6 |  7- 9 | 10-12 || total
-------------------------+-------+-------+-------+-------++-------
Melee: Unarmed           |   105 |   138 |   257 |   537 ||  1037
       Kick              |    18 |    35 |     4 |     2 ||    59
       Headbutt          |    12 |    16 |     7 |     1 ||    36
       Tailslap          |     5 |    13 |     4 |     6 ||    28
       Punch             |       |       |       |     1 ||     1
 Cast: Beastly Appendage |    23 |    34 |     7 |     2 ||    66
       Spider Form       |       |     1 |    31 |    49 ||    81
       Blade Hands       |       |       |       |     2 ||     2
       Ice Form          |       |       |       |     4 ||     4
Invok: Minor Destruction |       |       |       |     3 ||     3
       Lesser Servant of |       |       |       |     2 ||     2
 Abil: Breathe Frost     |       |       |     8 |     1 ||     9
Evoke: Wand              |       |       |     1 |       ||     1
  Use: Scroll            |     5 |     2 |     6 |     5 ||    18
       Potion            |       |     2 |       |     2 ||     4
 Stab: Sleeping          |       |     1 |       |     2 ||     3
Armor: Skin              |    50 |    34 |    29 |    21 ||   134
Dodge: Dodged            |    67 |    78 |   213 |   586 ||   944
Block: Buckler           |     8 |    23 |    16 |     4 ||    51
       Other             |       |       |    30 |   136 ||   166
       Reflection        |       |       |     2 |     6 ||     8

Table legend: (Time is in decaauts)
 A = Elapsed time spent in this place.
 B = Non-inter-level travel time spent in this place.
 C = Inter-level travel time spent in this place.
 D = Time resting spent in this place.
 E = Time spent auto-exploring this place.
 F = Levels seen in this place.
 G = Mean time per level.
                   A        B        C        D        E       F      G
               +--------+--------+--------+--------+--------+-----+--------+
         Total |  16208 |  15485 |    723 |   4505 |   8538 |  13 | 1246.8 |
       Dungeon |  16200 |  15477 |    723 |   4505 |   8538 |  12 | 1350.0 |
  Orcish Mines |      7 |      7 |      0 |      0 |      0 |   1 |    7.0 |
               +--------+--------+--------+--------+--------+-----+--------+

Top non-repeatable levels by time:
     D:3: 1818 daAuts
     D:9: 1673 daAuts
    D:11: 1624 daAuts
     D:5: 1597 daAuts
    D:12: 1526 daAuts
     D:1: 1361 daAuts
     D:8: 1302 daAuts
     D:6: 1240 daAuts
     D:4: 1142 daAuts
     D:2: 1087 daAuts
    D:10: 940 daAuts
     D:7: 885 daAuts
   Orc:1: 7 daAuts
